cohdb
Replays
Latest Replays
All Replays
Popular Replays
Top Player Replays
Match Explorer
How It Works
Community
CoH3 Stats
Reddit
Sign in to upload your games and track your stats! →
Sign in with Steam
Match 45451204
Unlisted
Match 45451204
Overview
Messages
Build Orders
End
Vickers Machine Gun Team
Construct Section Command Post
Selects Air and Sea Battlegroup
Dingo Light Scout Car
Infantry Section
Royal Engineer Section
Construct Platoon Command Post
Selects Commando Section Paradrop
Commando Section Paradrop
Selects Supply Surplus
Selects Commando Support Section Paradrop
Commando Support Section Paradrop
Construct Resource Cache
Construct Resource Cache
Selects UNKNOWN (223837)
Infantry Training
Construct Company Command Post
Centaur IV Medium Tank
[PD]Folscher
DJBuckCallYo
Nico-Nico-Nii~~
krispykreme34
taoyangchen
grace_9
0
0
Comments
sign in to comment!
No comments posted yet!